 Dungeon Crawl Stone Soup version 0.26-a0-664-gc8b27b8fc1 (webtiles) character file.

Game seed: 5560543062310336518

58 Banto the Cudgeler (level 4, 0/33 HPs)
             Began as a Human Gladiator on Oct 13, 2020.
             Succumbed to an adder's poison
             ... on level 2 of the Dungeon.
             The game lasted 00:01:05 (1578 turns).

Banto the Cudgeler (Human Gladiator)                Turns: 1578, Time: 00:01:06

Health: 0/33       AC:  4    Str: 14    XL:     4   Next: 20%
Magic:  4/4        EV: 13    Int: 10    God:
Gold:   34         SH:  0    Dex: 14    Spells: 3/3 levels left

rFire    . . .     SeeInvis .   a - +0 flail
rCold    . . .     Faith    .   (no shield)
rNeg     . . .     Spirit   .   b - +0 leather armour
rPois    .         Reflect  .   c - +0 helmet
rElec    .         Harm     .   (no cloak)
rCorr    .         Rampage  .   (no gloves)
MR       .....                  (no boots)
Stlth    +.........             (no amulet)
HPRegen  0.11/turn              (no ring)
MPRegen  0.09/turn              (no ring)

@: lethally poisoned (0 -> -7)
A: no striking features
a: no special abilities


You were on level 2 of the Dungeon.
You visited 1 branch of the dungeon, and saw 2 of its levels.

You collected 34 gold pieces.

Inventory:

Hand Weapons
 a - a +0 flail (weapon)
Missiles
 d - 3 throwing nets (quivered)
Armour
 b - a +0 leather armour (worn)
 c - a +0 helmet (worn)
Scrolls
 e - 2 scrolls of enchant armour {unknown}
 f - 3 scrolls of blinking {unknown}
 g - a scroll of fog {unknown}
 h - a scroll of noise {unknown}
 i - a scroll of remove curse {unknown}
 j - 2 scrolls of teleportation {unknown}
 k - 2 scrolls of amnesia {unknown}
 l - a scroll of immolation {unknown}
 m - a scroll of random uselessness {unknown}


   Skills:
 - Level 2.0 Fighting
 + Level 4.7 Maces & Flails
 - Level 2.0 Throwing
 - Level 3.0 Dodging


You had 3 spell levels left.
You didn't know any spells.
Your spell library was empty.

Dungeon Overview and Level Annotations

Branches:
Dungeon (2/15)

Altars:


Message History

You are more poisoned.
The adder poisons you!
You take 7 damage, and have 4/33 hp.
MASSIVE DAMAGE!!
You closely miss the adder.
The adder is almost dead.
* * * LOW HITPOINT WARNING * * *
You feel sick. The adder bites you but does no damage.
You take 1 damage, and have 3/33 hp.
You thump the adder!
You kill the adder!
* * * LOW HITPOINT WARNING * * *
You feel sick. The giant cockroach misses you.
You take 1 damage, and have 2/33 hp.
You aren't carrying any potions.
* * * LOW HITPOINT WARNING * * *
You feel sick.
You take 1 damage, and have 1/33 hp.
Okay, then.
You barely miss the giant cockroach.
You die...

.. .>. .[ #..
#..##.# #(..#.#
## #.#.#.###
... #.#.#...
.... #.#.#.####
?....#.....rB.#
#........>K##@#
#...........#.#
#.......#...#.#
#.......##..#.#
##########..#.#
#### #..#.#
...# ##.#.#
##.# #)#.# #.#
#...#


You could see a quokka and a giant cockroach.

Vanquished Creatures
  2 adders (D:2)
  A dart slug (D:1)
  A leopard gecko (D:1)
  A ball python (D:1)
  4 giant cockroaches (D:1)
  4 hobgoblins (D:1)
  7 jackals (D:1)
  A bat (D:1)
  A frilled lizard (D:1)
  6 goblins
  A kobold (D:1)
  6 rats (D:1)
35 creatures vanquished.

Vanquished Creatures (others)
  5 plants (D:2)
5 creatures vanquished.

Grand Total: 40 creatures vanquished

Notes
Turn   | Place    | Note
-------+----------+-------------------------------------------
     0 | D:1      | Banto the Human Gladiator began the quest for the Orb.
     0 | D:1      | Reached XP level 1. HP: 16/16 MP: 1/1
    32 | D:1      | Reached XP level 2. HP: 18/22 MP: 2/2
   751 | D:1      | Reached skill level 4 in Maces & Flails
   751 | D:1      | Reached XP level 3. HP: 27/27 MP: 3/3
  1484 | D:2      | Reached XP level 4. HP: 33/33 MP: 4/4
  1504 | D:2      | Found a faded altar of an unknown god.
  1577 | D:2      | HP: 1/33 [poisoned by an adder]
  1578 | D:2      | Succumbed to an adder's poison

Illustrated notes

Levels and vault maps discovered:
D:1:      dpeg_arrival_ratfight, layout_loops_corners, minmay_tiny_reverse_x
D:2:      layout_basic, chequers_ecumenical_altar_lobes, minivault_24,
          uniq_sigmund

Skill      XL: |  1  2 |
---------------+-------+-----
Maces & Flails | 4 |  4.7
Fighting       | |  2.0
Throwing       | |  2.0
Dodging        | |  3.0

Action                   |  1- 3 |  4- 6 || total
-------------------------+-------+-------++-------
Melee: Flail             |   130 |    15 ||   145
 Stab: Sleeping          |     1 |       ||     1
Armor: Leather armour    |    49 |     2 ||    51
Dodge: Dodged            |    95 |    22 ||   117

Table legend: (Time is in decaauts)
 A = Elapsed time spent in this place.
 B = Non-inter-level travel time spent in this place.
 C = Inter-level travel time spent in this place.
 D = Time resting spent in this place.
 E = Time spent auto-exploring this place.
 F = Levels seen in this place.
 G = Mean time per level.
                   A        B        C        D        E       F      G
               +--------+--------+--------+--------+--------+-----+--------+
         Total |   1605 |   1594 |     11 |    151 |   1162 |   2 |  802.5 |
       Dungeon |   1605 |   1594 |     11 |    151 |   1162 |   2 |  802.5 |
               +--------+--------+--------+--------+--------+-----+--------+

Top non-repeatable levels by time:
     D:1: 1369 daAuts
     D:2: 236 daAuts

Table legend:
 A = Kills in this place as a percentage of kills in entire the game.
 B = Kills by you in this place as a percentage of kills by you in the entire game.
 C = Kills by friends in this place as a percentage of kills by friends in the entire game.
 D = Other kills in this place as a percentage of other kills in the entire game.
 E = Experience gained in this place as a percentage of experience gained in the entire game.
 F = Experience gained in this place divided by the number of levels of this place that you have seen.
                   A       B       C       D       E      F
               +-------+-------+-------+-------+-------+----------------------
         Total | 100.0 | 100.0 |   N/A |   N/A | 100.0 |  41.5
       Dungeon | 100.0 | 100.0 |   N/A |   N/A | 100.0 |  41.5
               +-------+-------+-------+-------+-------+----------------------
